 Dungeon Crawl Stone Soup version 0.30-a0-862-g1aabd4f9c5 (webtiles) character file.

Game seed: 10413565509890214272

54290 jasper the Black Sun (level 14, -7/103 HPs)
             Began as a Demonspawn Venom Mage on Mar 8, 2023.
             Was a High Priest of Kikubaaqudgha.
             Shot with a bolt by a yaktaur (24 damage)
             ... on level 13 of the Dungeon.
             The game lasted 00:45:10 (23233 turns).

jasper the Black Sun (Demonspawn Venom Mage)       Turns: 23233, Time: 00:45:10

Health: -7/103     AC:  7    Str:  9    XL:     14   Next: 34%
Magic:  4/27       EV: 18    Int: 32    God:    Kikubaaqudgha [*****.]
Gold:   1163       SH:  0    Dex: 17    Spells: 2/31 levels left

rFire   . . .      SeeInvis +    f - staff of poison
rCold   . . .      Faith    .    (no shield)
rNeg    . . .      Spirit   .    M - +0 steam dragon scales
rPois   +          Reflect  .    (helmet unavailable)
rElec   .          Rampage  .    G - +0 cloak
rCorr   .                        (no gloves)
Will    +....                    A - +0 pair of boots
Stlth   ++                       V - amulet "Zeetita" {RegenMP Dex+2}
HPRegen 0.37/turn                F - +6 ring of intelligence
MPRegen 0.60/turn                n - +6 ring of intelligence

@: very slightly contaminated
A: antennae 3, repulsion field 1, spiny 2, demonic magic 2
a: Renounce Religion, Unearth Wretches, Torment


You were on level 13 of the Dungeon.
You worshipped Kikubaaqudgha.
Kikubaaqudgha was extremely pleased with you.
You visited 3 branches of the dungeon, and saw 19 of its levels.

You collected 1163 gold pieces.

Inventory:

Hand Weapons
 J - a +0 quick blade
Missiles
 D - 3 curare-tipped darts
Armour
 o - a +0 kite shield
 A - a +0 pair of boots (worn)
 G - a +0 cloak (worn)
 M - +0 steam dragon scales (worn)
Magical Staves
 f - a staff of poison (weapon)
 q - a staff of cold
Jewellery
 j - a ring of wizardry
 n - a +6 ring of intelligence (right hand)
 p - a ring of protection from cold
 z - a ring of protection from cold
 E - a ring of ice
 F - a +6 ring of intelligence (left hand)
 V - the amulet "Zeetita" (around neck) {RegenMP Dex+2}
   (You acquired it on level 3 of the Lair of Beasts)

   [amulet of magic regeneration]

   It increases your rate of magic regeneration.
   Dex:       It affects your dexterity (+2).
 X - a ring of protection from fire
Wands
 k - a wand of roots (5)
 v - a wand of mindburst (2)
 w - a wand of flame (25)
 I - a wand of charming (18)
Scrolls
 e - a scroll of immolation
 l - 3 scrolls of enchant armour
 u - 5 scrolls of teleportation
 x - 2 scrolls of torment
 y - 4 scrolls of vulnerability
 C - a scroll of brand weapon
 K - 2 scrolls of amnesia
 L - 4 scrolls of noise
 N - a scroll of fear
 O - 5 scrolls of magic mapping
 Q - a scroll of poison
 T - a scroll of summoning
 U - 4 scrolls of identify
 W - 2 scrolls of enchant weapon
 Z - 2 scrolls of blinking
Potions
 a - 2 potions of might
 b - 4 potions of magic
 c - 7 potions of lignification
 d - 3 potions of cancellation
 g - 7 potions of attraction
 h - 6 potions of flight
 i - 6 potions of brilliance
 m - 2 potions of haste
 r - 3 potions of berserk rage
 s - 4 potions of degeneration
 t - a potion of ambrosia
 R - 3 potions of mutation
 Y - a potion of resistance


   Skills:
 + Level 7.5 Fighting
 + Level 7.1 Dodging
 - Level 1.7 Stealth
 + Level 9.4 Spellcasting
 - Level 1.0 Conjurations
 * Level 13.9 Necromancy
 - Level 10.0 Transmutations
 - Level 8.0 Ice Magic
 - Level 1.0 Air Magic
 - Level 3.0 Earth Magic
 - Level 10.0 Poison Magic


You had 2 spell levels left.
You knew the following spells:

 Your Spells              Type           Power      Damage    Failure   Level
a - Eringya's Noxious Bo  Tmut/Pois      43%        N/A       9%          6
b - Sublimation of Blood  Necr           81%        N/A       0%          2
c - Mephitic Cloud        Conj/Pois/Air  57%        N/A       1%          3
d - Olgreb's Toxic Radia  Pois           87%        N/A       1%          4
e - Vampiric Draining     Necr           81%        2d11      1%          3
f - Borgnjor's Vile Clut  Necr/Erth      31%        N/A       2%          5
g - Simulacrum            Ice/Necr       35%        N/A       5%          6

Your spell library contained the following spells:

 Spells                   Type           Power      Damage    Failure   Level
 Necrotise                Necr           100%       1d9       0%          1
 Sting                    Tmut/Pois      100%       1d8       1%          1
 Poisonous Vapours        Pois/Air       100%       N/A       1%          2
 Magic Dart               Conj           84%        1d7       2%          1
 Shock                    Conj/Air       84%        1d8       2%          1
 Searing Ray              Conj           42%        2d6       3%          2
 Frozen Ramparts          Ice            100%       1d16      1%          3
 Anguish                  Hex/Necr       28%        N/A       1%          4
 Animate Dead             Necr           81%        N/A       1%          4
 Ice Form                 Ice/Tmut       64%        N/A       1%          4
 Agony                    Necr           81%        N/A       1%          5
 Alistair's Intoxication  Tmut/Pois      58%        N/A       1%          5
 Blade Hands              Tmut           34%        N/A       1%          5
 Death Channel            Necr           40%        N/A       1%          6
 Swiftness                Air            21%        N/A       6%          3
 Summon Ice Beast         Ice/Summ       40%        N/A       6%          4
 Inner Flame              Hex/Fire       15%        N/A       10%         3
 Animate Armour           Summ/Erth      48%        N/A       17%         4
 Airstrike                Air            10%        2d(2-18)  22%         4
 Flame Wave               Conj/Fire      18%        2d7       26%         4
 Fulminant Prism          Conj/Hex       9%         3d7       26%         4
 Sticky Flame             Conj/Fire      18%        2d4       26%         4
 Cause Fear               Hex            7%         N/A       32%         4
 Iron Shot                Conj/Erth      13%        9d3       91%         6
 Discord                  Hex            7%         N/A       100%        8


Dungeon Overview and Level Annotations

Branches:
Dungeon (13/15)            Temple (0/1) D:6            Lair (5/5) D:8
 Shoals (0/4) Lair:2       Spider (0/4) Lair:3        Slime (0/5) Lair:4
    Orc (1/2) D:12
 Vaults: D:13-14

Altars:
Cheibriados
Kikubaaqudgha
Makhleb
Nemelex Xobeh
Qazlal
Ru
Trog
Uskayaw
Wu Jian
Xom


Innate Abilities, Weirdness & Mutations

You have a pair of large antennae on your head. (SInv)
You are surrounded by a mild repulsion field. (EV +2)
You are mostly covered in sharp spines.
Spells you cast may paralyse nearby enemies.


Message History

Your manticore simulacrum vaporises!
You regained 9 hp, and now have 16/103 hp.
What are your orders? t - Shout!
Orders for allies: a - Attack new target. r - Retreat! s - Stop attacking. g - Guard the area. f - Follow me.
Anything else - Cancel.
Gang up on whom?
Press: ? - help, Dir - move target, f - yaktaur
Aim: a yaktaur, wielding a +0 arbalest (heavily wounded, very poisoned, ally target) Attack!
The manticore flicks its tail.
The volley of spikes hits your orc knight simulacrum!
The yaktaur shoots a bolt.
The bolt hits your orc knight simulacrum!!
Your orc knight simulacrum vaporises!
Casting: Olgreb's Toxic Radiance (mildly dangerous; 1% risk of failure)
Confirm with . or Enter, or press ? or * to list all spells.
You feel a surge of power!
You begin to radiate toxic energy.
The yaktaur looks even sicker.
Malevolent energies surge around you.
You kill the manticore!
Kikubaaqudgha accepts your kill.
The yaktaur shoots a bolt.
The bolt hits your deep elf pyromancer simulacrum!
You now have 2/27 mp.
The barbs in your skin will harm you if you move.
Continue?
Okay, then.
The yaktaur looks as sick as possible!
Your toxic aura wanes.
The yaktaur shoots a bolt.
The bolt hits your deep elf pyromancer simulacrum!!
Your deep elf pyromancer simulacrum vaporises!
You carefully extract the barbed spikes from your body.
The yaktaur shoots a bolt.
The bolt hits you!
* * * LOW HITPOINT WARNING * * *
You take 6 damage, and have 11/103 hp.
You feel better.
The yaktaur shoots a bolt.
The bolt hits you!!
You die...
Kikubaaqudgha rasps: "You have failed me!
Welcome... death!"

{{ { ###
#####################
#.###....#...#.)@.○c)....
(.....)†..#.#.....#}=##..
#.###.#).#...#..#.# )[#
....(.#...#.#...#.# )#
#.##.#.#.#...#.###. ..
.....#.#..#.#..# .. .#
#.#.#.#.#.....## #.. #
....#.#.#.#.#.# ...
...#.#.#.#...##


You could see a yaktaur (extremely poisoned).

Vanquished Creatures
  Fannar (Lair:3)
  Harold (Orc:1)
  A catoblepas (Lair:5)
  Erolcha (D:12)
  3 centaur warriors (D:13)
  A boulder beetle (D:13)
  4 two-headed ogres
  A death knight (D:13)
  6 death yaks (Lair:5)
  A skyshark (Lair:2)
  A lindwurm (Lair:5)
  An orb spider (Lair:3)
  A deep elf pyromancer (D:13)
  Pikel (D:6)
  A wolf spider (Lair:3)
  An ugly thing (D:13)
  5 manticores
  2 black mambas
  12 elephants
  14 cane toads
  3 kobold demonologists
  Psyche (D:9)
  2 rime drakes
  8 komodo dragons
  An unseen horror (shapeshifter) (D:13)
  A merfolk (Lair:2)
  A troll (D:9)
  3 polar bears
  A hornet (D:13)
  A meliai (D:13)
  8 blink frogs
  Grinder (D:5)
  4 dream sheep (Lair:5)
  4 slime creatures
  3 vampires
  A shadow (D:11)
  2 wyverns
  Eustachio (D:6)
  A fire bat (shapeshifter) (D:13)
  A basilisk (D:13)
  17 yaks
  A steam dragon (D:10)
  A warg (Orc:1)
  10 water moccasins
  9 orc warriors
  A black bear (D:5)
  6 ice beasts
  3 sky beasts
  4 ogres
  27 wolves
  9 centaurs
  A phantom (D:6)
  A kobold brigand (D:9)
  14 bullfrogs
  A gnoll sergeant (D:8)
  4 scorpions
  5 wights (D:7)
  An electric eel (Lair:4)
  7 howler monkeys
  2 gnoll boudas
  3 hounds
  2 jellies
  Crazy Yiuf (D:6)
  14 orc priests
  Jessica (D:2)
  2 sleepcaps (D:5)
  6 hell rats (Lair:3)
  3 iguanas
  4 orc wizards
  7 adders
  15 gnolls
  3 shadow imps
  4 white imps
  2 worms (D:2)
  3 dart slugs
  61 orcs
  4 bats
  2 endoplasms
  3 giant cockroaches
  5 goblins
  8 hobgoblins
  2 jackals (D:5)
  6 quokkas
  7 ball pythons
  4 frilled lizards
  12 kobolds
  5 rats
420 creatures vanquished.

Vanquished Creatures (collateral kills)
  2 hydras
  A deep troll shaman (Lair:5)
  3 death yaks (Lair:5)
  An orc knight (D:13)
  2 manticores (D:13)
  An ugly thing (D:13)
  A cyclops (D:13)
  A komodo dragon (Lair:4)
  An efreet (D:13)
  A slime creature (D:13)
  A shadow (D:12)
  A wraith (D:13)
  4 vampire mosquitoes (D:13)
  An acid dragon (D:13)
  8 orc warriors
  3 centaurs
  A bullfrog (Lair:4)
  An orc priest (Orc:1)
  2 orcs (D:12)
36 creatures vanquished.

Vanquished Creatures (others)
  A komodo dragon (Lair:4)
  A yak (Lair:4)
  A hell rat (Lair:3)
  An orc (D:10)
  10 fungi
  28 plants
42 creatures vanquished.

Grand Total: 498 creatures vanquished

Notes
Turn   | Place    | Note
-------+----------+-------------------------------------------
     0 | D:1      | jasper the Demonspawn Venom Mage began the quest for the
                  | Orb.
     0 | D:1      | Reached XP level 1. HP: 13/13 MP: 3/3
   275 | D:1      | Gained mutation: You are partially covered in sharp spines.
                  | [demonic ancestry]
   275 | D:1      | Reached XP level 2. HP: 19/19 MP: 3/5
   278 | D:1      | Learned a level 2 spell: Poisonous Vapours
  1105 | D:1      | Reached XP level 3. HP: 24/24 MP: 7/7
  1110 | D:1      | Learned a level 3 spell: Mephitic Cloud
  1192 | D:2      | Noticed Jessica
  1200 | D:2      | Killed Jessica
  1304 | D:2      | Gained mutation: You have a pair of small antennae on your
                  | head. [demonic ancestry]
  1304 | D:2      | Reached XP level 4. HP: 27/30 MP: 5/8
  1442 | D:2      | Found a faded altar of an unknown god.
  3040 | D:3      | Found a burning altar of Makhleb.
  3040 | D:3      | Found a sacrificial altar of Ru.
  3040 | D:3      | Found an ornate altar of the Wu Jian Council.
  3040 | D:3      | Found an ancient bone altar of Kikubaaqudgha.
  3046 | D:3      | Found a bloodstained altar of Trog.
  3046 | D:3      | Found a hide-covered altar of Uskayaw.
  3154 | D:3      | Became a worshipper of Kikubaaqudgha
  3339 | D:4      | Noticed a scorpion
  3343 | D:3      | Killed a scorpion
  3344 | D:3      | Reached skill level 10 in Poison Magic
  3344 | D:3      | Gained mutation: You are surrounded by a mild repulsion
                  | field. (EV +2) [demonic ancestry]
  3344 | D:3      | Reached XP level 5. HP: 32/35 MP: 5/9
  3406 | D:4      | Reached skill level 1 in Conjurations
  3408 | D:4      | Reached skill level 1 in Air Magic
  3486 | D:3      | Learned a level 4 spell: Olgreb's Toxic Radiance
  3585 | D:4      | Found a stormy altar of Qazlal.
  3840 | D:4      | You fall into a shaft and drop 2 floors!
  3858 | D:6      | Noticed a phantom
  3880 | D:6      | Killed a phantom
  3881 | D:6      | Reached skill level 1 in Necromancy
  3881 | D:6      | Reached XP level 6. HP: 42/42 MP: 7/10
  3971 | D:6      | Reached skill level 1 in Fighting
  3976 | D:6      | Reached skill level 2 in Necromancy
  4076 | D:6      | Noticed a sky beast
  4081 | D:6      | Killed a sky beast
  4082 | D:6      | Gained mutation: You have a pair of antennae on your head.
                  | [demonic ancestry]
  4082 | D:6      | Reached XP level 7. HP: 49/49 MP: 5/12
  4113 | D:6      | Noticed Pikel
  4128 | D:6      | Killed Pikel
  4129 | D:6      | Reached skill level 4 in Necromancy
  4129 | D:6      | Reached XP level 8. HP: 57/57 MP: 3/13
  4244 | D:6      | Reached * piety under Kikubaaqudgha
  4244 | D:6      | Received a gift from Kikubaaqudgha
  4251 | D:6      | Learned a level 2 spell: Sublimation of Blood
  4567 | D:6      | Noticed Eustachio
  4583 | D:6      | Killed Eustachio
  4584 | D:6      | Reached skill level 5 in Necromancy
  4599 | D:5      | Entered Level 5 of the Dungeon
  6492 | D:5      | Reached skill level 6 in Necromancy
  6492 | D:5      | Gained mutation: Spells you cast may paralyse adjacent
                  | enemies. [demonic ancestry]
  6492 | D:5      | Reached XP level 9. HP: 65/65 MP: 8/16
  6579 | D:5      | Learned a level 3 spell: Vampiric Draining
  6644 | D:5      | Found a sparkling altar of Nemelex Xobeh.
  6672 | D:5      | Noticed Grinder
  6679 | D:5      | Paralysed by Grinder for 3 turns
  6690 | D:5      | Killed Grinder
  7223 | D:6      | Reached skill level 5 in Spellcasting
  7281 | D:6      | Found a staircase to the Ecumenical Temple.
  7400 | D:6      | Found a runed translucent door.
  7401 | D:6      | Noticed Crazy Yiuf
  7498 | D:6      | Killed Crazy Yiuf
  7746 | D:7      | Reached skill level 7 in Necromancy
  7748 | D:7      | Reached ** piety under Kikubaaqudgha
  9278 | D:8      | Noticed a rime drake
  9284 | D:8      | Reached skill level 5 in Dodging
  9292 | D:8      | Gained mutation: You have a pair of large antennae on your
                  | head. (SInv) [demonic ancestry]
  9292 | D:8      | Reached XP level 10. HP: 73/73 MP: 7/18
  9306 | D:8      | Reached skill level 5 in Fighting
  9306 | D:8      | Reached skill level 8 in Necromancy
  9462 | D:8      | Found a staircase to the Lair.
 10502 | D:9      | Reached *** piety under Kikubaaqudgha
 10502 | D:9      | Received a gift from Kikubaaqudgha
 10513 | D:9      | Learned a level 5 spell: Borgnjor's Vile Clutch
 10691 | D:9      | Reached skill level 9 in Necromancy
 10752 | D:9      | Noticed a manticore
 10763 | D:9      | Killed a manticore
 10764 | D:9      | Reached skill level 1 in Earth Magic
 10973 | D:9      | Noticed Psyche
 10980 | D:9      | Killed Psyche
 11161 | D:9      | Found a snail-covered altar of Cheibriados.
 11512 | D:10     | Entered Level 10 of the Dungeon
 11689 | D:10     | Noticed a two-headed ogre
 11701 | D:10     | Killed a two-headed ogre
 11762 | D:10     | Gained mutation: Spells you cast may paralyse nearby
                  | enemies. [demonic ancestry]
 11762 | D:10     | Reached XP level 11. HP: 70/81 MP: 12/20
 11907 | Lair:1   | Entered Level 1 of the Lair of Beasts
 12081 | Lair:1   | Reached skill level 10 in Necromancy
 12382 | Lair:1   | Learned a level 6 spell: Simulacrum
 12538 | Lair:1   | Reached skill level 1 in Ice Magic
 12541 | Lair:1   | Reached skill level 11 in Necromancy
 13453 | Lair:2   | Reached **** piety under Kikubaaqudgha
 13453 | Lair:2   | Noticed a skyshark
 13465 | Lair:2   | Reached skill level 5 in Ice Magic
 13467 | Lair:2   | Killed a skyshark
 13625 | Lair:2   | Reached XP level 12. HP: 89/89 MP: 9/22
 13987 | Lair:2   | Found a staircase to the Shoals.
 14647 | Lair:3   | Noticed Fannar
 14661 | Lair:3   | Killed Fannar
 14662 | Lair:3   | Reached skill level 12 in Necromancy
 14871 | Lair:3   | Found a hole to the Spider Nest.
 15778 | Lair:3   | Identified a scroll of acquirement
 15778 | Lair:3   | Acquired the amulet "Zeetita" {RegenMP Dex+2}
 16124 | Lair:4   | Noticed a four-headed hydra
 16137 | Lair:4   | Killed a four-headed hydra
 16138 | Lair:4   | Reached skill level 13 in Necromancy
 16454 | Lair:4   | Learned a level 6 spell: Eringya's Noxious Bog
 16730 | Lair:4   | Found a staircase to the Slime Pits.
 17032 | Lair:5   | Entered Level 5 of the Lair of Beasts
 17426 | Lair:5   | Gained mutation: You are mostly covered in sharp spines.
                  | [demonic ancestry]
 17426 | Lair:5   | Reached XP level 13. HP: 95/95 MP: 19/26
 17476 | Lair:5   | Reached skill level 1 in Transmutations
 17895 | Lair:5   | Reached skill level 5 in Transmutations
 18589 | Lair:5   | Reached ***** piety under Kikubaaqudgha
 19686 | D:10     | Found a shimmering altar of Xom.
 19686 | D:10     | Found a shimmering altar of Xom.
 19686 | D:10     | Found a shimmering altar of Xom.
 19690 | D:10     | Found a shimmering altar of Xom.
 19691 | D:10     | Found a shimmering altar of Xom.
 19691 | D:10     | Found a shimmering altar of Xom.
 19693 | D:10     | Found a shimmering altar of Xom.
 21593 | D:12     | Noticed Erolcha
 21605 | D:12     | Killed Erolcha
 21672 | D:12     | Found a staircase to the Orcish Mines.
 21955 | Orc:1    | Entered Level 1 of the Orcish Mines
 22033 | Orc:1    | Noticed Harold
 22034 | Orc:1    | Noticed an orc warlord
 22043 | Orc:1    | HP: 4/95 [Harold/+0 halberd (22)]
 22049 | Orc:1    | Killed Harold
 22626 | D:13     | Reached skill level 10 in Transmutations
 22668 | D:13     | Reached XP level 14. HP: 45/101 MP: 9/27
 23233 | D:13     | Shot with a bolt by a yaktaur

Illustrated notes

Levels and vault maps discovered:
D:1:      tarquinn_simple_flora_water_c, layout_basic
D:2:      wad_lake_hut, layout_basic, basic_ecumenical_altar, serial_forest,
          infiniplex_forest_lined_corner, infiniplex_forest_clump_small,
          infiniplex_forest_straight_2, infiniplex_forest_zigzag_1,
          infiniplex_forest_straight_3, infiniplex_forest_corner_1, uniq_jessica
D:3:      layout_basic, minmay_overflow_temple_hex, minivault_11,
          minmay_fractal_squares_diagonal_5
D:4:      layout_loops_ring, nicolae_qazlal_general_emergency
D:5:      kennysheep_six_static_rooms, layout_basic, general_overflow_altar,
          uniq_grinder
D:6:      layout_rooms, minmay_temple_entry_gardened_gates,
          uniq_crazy_yiuf_cottage, uniq_pikel, uniq_eustachio
D:7:      layout_basic
D:8:      layout_loops_ring, hellmonk_lair_entry_icy, kennysheep_generic_room_10
D:9:      layout_loops_ring, mainiacjoe_overflow_alcove_1, uniq_psyche
D:10:     layout_loops_cross, xom_shifter_show
D:11:     layout_loops_cross
D:12:     layout_long_grid, david_orc_5, nicolae_titane, uniq_erolcha
D:13:     minmay_the_grid_triangle_9x9_line_8_mashed
          [minmay_the_grid_triangle_9x9_swiss_cheese,
          minmay_the_grid_triangle_9x9_dagger,
          minmay_the_grid_triangle_9x9_cache,
          minmay_the_grid_triangle_9x9_skeleton,
          minmay_the_grid_triangle_9x9_stretched_checkered,
          minmay_the_grid_triangle_9x9_zippers_vertical,
          minmay_the_grid_triangle_9x9_thin_v,
          minmay_the_grid_triangle_9x9_prize_schism], layout_cave_pods,
          corexii_hall_statues_l, minmay_increasing_density
Lair:1:   layout_cellular_growth
Lair:2:   layout_long_grid, elwin_shoals_entry_rooms
Lair:3:   layout_small_grid, nicolae_spider_entry_orb_guardian,
          nicolae_lair_run_with_the_wolves, uniq_fannar
Lair:4:   statuecave_lemuel, layout_big_grid, minmay_slime_entry_pillars,
          serial_bayou_shore_a
Lair:5:   grunt_lair_end_beastmaster, layout_small_grid
Orc:1:    layout_caves, basic_altar, uniq_harold

Skill      XL: |  1  2  3  4  5  6  7  8  9 10 11 12 13 14 |
---------------+-------------------------------------------+-----
Poison Magic   | 9 10 | 10.0
Conjurations   | 1 |  1.0
Air Magic      | 1 |  1.0
Spellcasting   | 3 4 5 6 7 9 |  9.4
Dodging        | 2 3 4 5 6 7 |  7.1
Necromancy     | 1 2 4 6 7 9 11 13 | 13.9
Fighting       | 1 2 3 4 6 7 |  7.5
Earth Magic    | 2 3 |  3.0
Ice Magic      | 6 7 8 |  8.0
Transmutations | 10 | 10.0
Stealth        | |  1.7

Action                     |  1- 3 |  4- 6 |  7- 9 | 10-12 | 13-15 || total
---------------------------+-------+-------+-------+-------+-------++-------
  Melee: Staff             |    11 |     8 |    75 |    72 |   109 ||   275
         Unarmed           |       |    27 |       |       |       ||    27
         Punch             |       |       |     3 |     3 |     1 ||     7
  Throw: Dart              |       |       |       |     2 |       ||     2
   Cast: Sting             |    10 |    15 |   131 |    24 |       ||   180
         Poisonous Vapours |    10 |    40 |       |       |       ||    50
         Olgreb's Toxic Ra |       |     5 |    46 |    77 |    70 ||   198
         Vampiric Draining |       |       |     2 |   159 |    53 ||   214
         Sublimation of Bl |       |       |       |    31 |    29 ||    60
         Simulacrum        |       |       |       |     2 |    51 ||    53
         Eringya's Noxious |       |       |       |       |     5 ||     5
         Mephitic Cloud    |       |       |       |       |     2 ||     2
 Invoke: Unearth Wretches  |       |       |       |     1 |     1 ||     2
  Evoke: Wand              |       |       |     1 |     8 |     9 ||    18
    Use: Scroll            |     4 |     7 |     9 |     9 |     3 ||    32
         Potion            |     1 |     1 |       |     2 |     8 ||    12
   Stab: Sleeping          |       |     1 |       |       |       ||     1
         Paralysed         |       |       |    12 |    15 |     3 ||    30
         Distracted        |       |       |       |       |     1 ||     1
 Armour: Robe              |     2 |     1 |     6 |     3 |       ||    12
         Skin              |       |    17 |       |       |       ||    17
         Steam dragon scal |       |       |       |    28 |    33 ||    61
  Dodge: Dodged            |    11 |    16 |   122 |   244 |   255 ||   648

Table legend: (Time is in decaauts)
 A = Elapsed time spent in this place.
 B = Non-inter-level travel time spent in this place.
 C = Inter-level travel time spent in this place.
 D = Time resting spent in this place.
 E = Time spent auto-exploring this place.
 F = Levels seen in this place.
 G = Mean time per level.
                   A        B        C        D        E       F      G
               +--------+--------+--------+--------+--------+-----+--------+
         Total |  23354 |  22313 |   1041 |   1636 |  17118 |  19 | 1229.2 |
       Dungeon |  15804 |  15202 |    602 |    869 |  11904 |  13 | 1215.7 |
          Lair |   7442 |   7003 |    439 |    764 |   5203 |   5 | 1488.4 |
  Orcish Mines |    107 |    107 |      0 |      3 |     10 |   1 |  107.0 |
               +--------+--------+--------+--------+--------+-----+--------+

Top non-repeatable levels by time:
  Lair:5: 2109 daAuts
     D:7: 1620 daAuts
     D:5: 1618 daAuts
  Lair:1: 1431 daAuts
    D:11: 1401 daAuts
  Lair:3: 1398 daAuts
  Lair:2: 1392 daAuts
     D:4: 1370 daAuts
     D:8: 1292 daAuts
     D:9: 1207 daAuts
     D:2: 1187 daAuts
     D:3: 1172 daAuts
     D:6: 1130 daAuts
     D:1: 1112 daAuts
  Lair:4: 1110 daAuts
